 Dungeon Crawl Stone Soup version 0.30.0-15-g856e2d3f33 (webtiles) character file.

Game seed: 2541241640079050532

504 frost775 the Cudgeller (level 7, -1/60 HPs)
             Began as a Gnoll Cinder Acolyte on May 18, 2023.
             Was an Initiate of Ignis.
             Slain by an orc
             ... wielding a +0 flail
              (3 damage)
             ... on level 4 of the Dungeon.
             The game lasted 00:20:07 (1953 turns).

frost775 the Cudgeller (Gnoll Cinder Acolyte)       Turns: 1953, Time: 00:20:08

Health: -1/60      AC:  2    Str: 13    XL:     7   Next: 17%
Magic:  12/12      EV: 12    Int: 15    God:    Ignis [......]
Gold:   236        SH:  0    Dex:  8    Spells: 11/13 levels left

rFire   + . .        a - -1 mace (flame)
rCold   . . .        (no shield)
rNeg    . . .        b - +0 robe
rPois   .            (no helmet)
rElec   .            (no cloak)
rCorr   .            (no gloves)
SInv    .            (no boots)
Will    .....        e - amulet of regeneration
Stlth   ++           (no ring)
HPRegen 1.10/turn    (no ring)
MPRegen 0.13/turn

%: no passive effects
@: no status effects
A: fangs 1, strong nose, distributed training
a: Renounce Religion


You were on level 4 of the Dungeon.
You worshipped Ignis.
Ignis was noncommittal.
You visited 1 branch of the dungeon, and saw 4 of its levels.

You collected 236 gold pieces.

Inventory:

Hand Weapons
 a - a -1 mace of flaming (weapon)
Missiles
 j - 2 javelins
 o - a throwing net
Armour
 b - a +0 robe (worn)
Jewellery
 e - an amulet of regeneration (around neck)
Wands
 h - a wand of paralysis (2)
 i - a wand of acid (1) (quivered)
Scrolls
 d - a scroll of amnesia
 g - a scroll of butterflies
 k - a scroll of torment
 p - a scroll of identify
Potions
 c - a potion of might {unknown}
 f - a potion of curing
 l - a potion of magic {unknown}
 n - a potion of flight {unknown}


   Skills:
 + Level 7.0 Fighting
 + Level 2.4 Short Blades
 + Level 2.4 Long Blades
 + Level 2.4 Axes
 + Level 7.0 Maces & Flails
 + Level 2.4 Polearms
 + Level 2.4 Staves
 + Level 2.4 Ranged Weapons
 + Level 2.4 Throwing
 + Level 2.4 Armour
 + Level 2.4 Dodging
 + Level 2.4 Stealth
 + Level 2.4 Shields
 + Level 2.4 Unarmed Combat
 + Level 3.7 Spellcasting
 + Level 2.0 Conjurations
 + Level 2.0 Hexes
 + Level 2.0 Summonings
 + Level 2.0 Necromancy
 + Level 2.0 Translocations
 + Level 2.0 Transmutations
 + Level 5.8 Fire Magic
 + Level 2.0 Ice Magic
 + Level 2.0 Air Magic
 + Level 2.0 Earth Magic
 + Level 2.0 Poison Magic
 + Level 2.6 Invocations
 + Level 2.4 Evocations


You had 11 spell levels left.
You knew the following spells:

 Your Spells              Type           Power      Damage    Failure   Level
a - Scorch                Fire           40%        2d7       2%          2

Your spell library contained the following spells:

 Spells                   Type           Power      Damage    Failure   Level
 Dazzling Flash           Conj/Hex       16%        N/A       24%         3
 Agony                    Necr           8%         N/A       92%         5
 Silence                  Hex/Air        4%         N/A       92%         5


Dungeon Overview and Level Annotations

Branches:
Dungeon (4/15)
 Temple: D:4-7

Altars:

Shops:
D:3 [

Annotations:
D:4 Robin


Innate Abilities, Weirdness & Mutations

You have very sharp teeth.
Your uncanny sense of smell can sniff out nearby items.
Your experience applies equally to all skills.


Message History

Aiming: Corrosive Bolt
Press: ? - help, Q - select action, (/) - cycle Shift-Dir - straight line, f - gnoll
Aim: a gnoll, wielding a +0 whip (75% to hit)
The bolt of acid hits the hound!
You kill the hound!
The bolt of acid hits the gnoll!
The acid corrodes the gnoll!
The gnoll is almost dead.
The hobgoblin shouts!
You hear a shout!
Robin of the Strong Arm comes into view.
They are wielding a +0 club.
The hobgoblin closely misses you. The goblin hits you with a +0 dagger.
* * * LOW HITPOINT WARNING * * *
The goblin shoots a sling bullet.
The sling bullet hits you.
* * * LOW HITPOINT WARNING * * *
Your Conjurations skill increases to level 2!
Your Hexes skill increases to level 2!
Your Summonings skill increases to level 2!
Your Necromancy skill increases to level 2!
Your Translocations skill increases to level 2!
Your Transmutations skill increases to level 2!
Your Ice Magic skill increases to level 2!
Your Air Magic skill increases to level 2!
Your Earth Magic skill increases to level 2!
Your Poison Magic skill increases to level 2!
As you read the scroll of teleportation, it crumbles to dust.
You feel strangely unstable. The gnoll misses you. The hobgoblin hits you.
* * * LOW HITPOINT WARNING * * *
The goblin hits you with a +0 dagger.
* * * LOW HITPOINT WARNING * * *
The goblin shoots a sling bullet.
The sling bullet closely misses you. The hobgoblin attacks as you move away!
The hobgoblin barely misses you. The goblin attacks as you move away!
The goblin barely misses you.
Your surroundings suddenly seem different.
An orc wizard and 4 orcs come into view.
An orc is wielding a +0 dagger of freezing.
An orc is wielding a +0 short sword and quivering boomerangs of dispersal.
The orc wizard shouts!
The orc shouts! x2
The orc wizard hits you with a +0 dagger.
* * * LOW HITPOINT WARNING * * *
The orc hits you with a +0 flail.
You die...

..## ... ...##
..... ...##
..... #...#
..... ..o ....
##o# ..##. #o@#
..... #oo# ..#
∆.# .. #...
.####.###.#
.....
....#......
...#...
........... ....
#.##
................
##
................
..........>


You could see an orc wizard and 4 orcs.

Vanquished Creatures
  Grinder (D:3)
  3 hounds
  A jelly (D:4)
  Jessica (D:3)
  An orc wizard (D:3)
  2 gnolls (D:4)
  3 adders (D:3)
  A worm (D:2)
  2 dart slugs (D:2)
  6 orcs (D:3)
  8 ball pythons
  4 bats
  4 endoplasms
  A giant cockroach (D:4)
  11 goblins
  6 hobgoblins
  A jackal (D:3)
  5 kobolds
  3 quokkas
  4 frilled lizards
  4 rats
72 creatures vanquished.

Vanquished Creatures (others)
  16 foxfires
16 creatures vanquished.

Grand Total: 88 creatures vanquished

Notes
Turn   | Place    | Note
-------+----------+-------------------------------------------
     0 | D:1      | frost775 the Gnoll Cinder Acolyte began the quest for the
                  | Orb.
     0 | D:1      | Reached XP level 1. HP: 23/23 MP: 4/4
    86 | D:1      | Reached XP level 2. HP: 29/29 MP: 5/5
   337 | D:2      | Reached XP level 3. HP: 26/35 MP: 7/7
   340 | D:2      | Learned a level 2 spell: Scorch
   612 | D:2      | Reached skill level 1 in Invocations
   886 | D:3      | Reached skill level 1 in Short Blades
   886 | D:3      | Reached skill level 1 in Long Blades
   886 | D:3      | Reached skill level 1 in Axes
   886 | D:3      | Reached skill level 1 in Polearms
   886 | D:3      | Reached skill level 1 in Staves
   886 | D:3      | Reached skill level 1 in Ranged Weapons
   886 | D:3      | Reached skill level 1 in Throwing
   886 | D:3      | Reached skill level 1 in Armour
   886 | D:3      | Reached skill level 1 in Dodging
   886 | D:3      | Reached skill level 1 in Stealth
   886 | D:3      | Reached skill level 1 in Shields
   886 | D:3      | Reached skill level 1 in Unarmed Combat
   886 | D:3      | Reached skill level 1 in Evocations
   886 | D:3      | Reached XP level 4. HP: 35/41 MP: 8/8
   994 | D:3      | Reached skill level 1 in Conjurations
   994 | D:3      | Reached skill level 1 in Hexes
   994 | D:3      | Reached skill level 1 in Summonings
   994 | D:3      | Reached skill level 1 in Necromancy
   994 | D:3      | Reached skill level 1 in Translocations
   994 | D:3      | Reached skill level 1 in Transmutations
   994 | D:3      | Reached skill level 1 in Ice Magic
   994 | D:3      | Reached skill level 1 in Air Magic
   994 | D:3      | Reached skill level 1 in Earth Magic
   994 | D:3      | Reached skill level 1 in Poison Magic
  1216 | D:3      | Reached XP level 5. HP: 43/47 MP: 9/9
  1347 | D:3      | Noticed Grinder
  1368 | D:3      | Paralysed by Grinder for 5 turns
  1374 | D:3      | Killed Grinder
  1375 | D:3      | Reached XP level 6. HP: 44/53 MP: 9/11
  1404 | D:3      | Noticed Jessica
  1407 | D:3      | Killed Jessica
  1416 | D:3      | Found Tuajoer's Armour Emporium.
  1837 | D:4      | Reached XP level 7. HP: 14/60 MP: 12/12
  1950 | D:4      | Noticed Robin
  1951 | D:4      | HP: 3/60 [goblin/+0 dagger[Robin] (1)]
  1953 | D:4      | Slain by an orc

Illustrated notes

Levels and vault maps discovered:
D:1:      dpeg_arrival_orchard, layout_rooms
D:2:      layout_basic, hangedman_abyss_or_decor_lesser_grid
D:3:      layout_basic, nicolae_overflow_two_pavilions, serial_shops,
          nicolae_shop_rolling_square, serial_glass, glass_columns_b,
          glass_columns_a, glass_columns_b, due_unseen_surprise,
          small_statue_intersection, minmay_ruptured, uniq_grinder, uniq_jessica
D:4:      layout_cave_pools, kennysheep_vampire_church, amcnicky_altar_gilded,
          gammafunk_temple_overflow_arena, uniq_robin

Skill      XL: |  1  2  3  4  5  6  7 |
---------------+----------------------+-----
Invocations    | 1 2 |  2.6
Short Blades   | 1 2 |  2.4
Long Blades    | 1 2 |  2.4
Axes           | 1 2 |  2.4
Polearms       | 1 2 |  2.4
Staves         | 1 2 |  2.4
Ranged Weapons | 1 2 |  2.4
Throwing       | 1 2 |  2.4
Armour         | 1 2 |  2.4
Dodging        | 1 2 |  2.4
Stealth        | 1 2 |  2.4
Shields        | 1 2 |  2.4
Unarmed Combat | 1 2 |  2.4
Spellcasting   | 3 |  3.7
Evocations     | 1 2 |  2.4
Conjurations   | 1 2 |  2.0
Hexes          | 1 2 |  2.0
Summonings     | 1 2 |  2.0
Necromancy     | 1 2 |  2.0
Translocations | 1 2 |  2.0
Transmutations | 1 2 |  2.0
Ice Magic      | 1 2 |  2.0
Air Magic      | 1 2 |  2.0
Earth Magic    | 1 2 |  2.0
Poison Magic   | 1 2 |  2.0
Fighting       | 7 |  7.0
Maces & Flails | 7 |  7.0
Fire Magic     | |  5.8

Action                     |  1- 3 |  4- 6 |  7- 9 || total
---------------------------+-------+-------+-------++-------
  Melee: Mace              |    57 |    70 |    17 ||   144
         Bite              |     2 |     5 |     1 ||     8
         Punch             |     1 |       |       ||     1
  Throw: Javelin           |       |     3 |       ||     3
   Cast: Scorch            |       |     2 |       ||     2
 Invoke: Fiery Armour      |     7 |       |       ||     7
         Foxfire Swarm     |     1 |     2 |       ||     3
         Rising Flame      |       |     1 |       ||     1
  Evoke: Wand              |       |    10 |     6 ||    16
    Use: Scroll            |     1 |     5 |     1 ||     7
         Potion            |       |     2 |       ||     2
   Stab: Sleeping          |       |     1 |       ||     1
         Paralysed         |       |     1 |     1 ||     2
 Armour: Robe              |    14 |    20 |    10 ||    44
  Dodge: Dodged            |    33 |    48 |    53 ||   134
